 Dungeon Crawl Stone Soup version 0.23.0-38-g208d714 (webtiles) character file.

Game seed: 0

837 Fang the Skirmisher (level 7, -3/67 HPs)
             Began as a Gargoyle Berserker on Feb 27, 2019.
             Was an Elder of Trog.
             Slain by Duvessa
             ... wielding a +5 rapier of draining
              (9 damage)
             ... on level 5 of the Dungeon.
             The game lasted 00:05:06 (4289 turns).

Fang the Skirmisher (Gargoyle Berserker)            Turns: 4289, Time: 00:05:07

Health: -3/67      AC: 12    Str: 28    XL:     7   Next: 99%
Magic:  7/7        EV: 12    Int:  7    God:    Trog [****..]
Gold:   200        SH:  0    Dex:  9    Spells: 6/6 levels left

rFire    . . .     SeeInvis .   o - +0 battleaxe
rCold    . . .     Gourm    .   (shield currently unavailable)
rNeg     + . .     Faith    .   d - +0 scale mail
rPois    ∞         Spirit   .   (no helmet)
rElec    +         Reflect  .   (no cloak)
rCorr    .         Harm     .   (no gloves)
MR       .....                  (no boots)
Stlth    ..........             (no amulet)
HPRegen  0.21/turn              (no ring)
MPRegen  0.10/turn              (no ring)

@: berserking, glowing, very quick
A: negative energy resistance 1, electricity resistance, unbreathing,
petrification resistance, rot immunity, AC +4
a: Berserk, Trog's Hand, Brothers in Arms, Renounce Religion


You were on level 5 of the Dungeon.
You worshipped Trog.
Trog was greatly pleased with you.
You were not hungry.

You visited 1 branch of the dungeon, and saw 5 of its levels.

You collected 200 gold pieces.

Inventory:

Hand Weapons
 o - a +0 battleaxe (weapon)
Armour
 d - a +0 scale mail (worn)
Jewellery
 r - an uncursed ring of protection from fire {unknown}
Wands
 v - a wand of paralysis (8)
Scrolls
 b - 5 scrolls of remove curse {unknown}
 e - a scroll of immolation {unknown}
 g - 5 scrolls of identify {unknown}
 h - 2 scrolls of teleportation {unknown}
 j - a scroll of magic mapping {unknown}
 q - 3 scrolls of amnesia {unknown}
 s - a scroll of blinking {unknown}
 t - a scroll of enchant armour {unknown}
 u - 2 scrolls of random uselessness {unknown}
Potions
 a - 2 potions of haste {unknown}
 f - a potion of magic {unknown}
 i - a potion of invisibility {unknown}
 k - 2 potions of curing {unknown}
 l - a potion of heal wounds
 m - a potion of agility {unknown}
 n - a potion of lignification {unknown}
 p - a potion of ambrosia {unknown}
Comestibles
 c - 10 rations


   Skills:
 + Level 5.6 Fighting
 + Level 4.8 Axes
 + Level 5.1 Armour
 + Level 3.9 Dodging


You had 6 spell levels left.
You didn't know any spells.
Your spell library was empty.

Dungeon Overview and Level Annotations

Branches:
Dungeon (5/15)
 Temple: D:4-7

Altars:
Ashenzari

Annotations:
D:3 2 transporters
D:5 Dowan, Duvessa


Innate Abilities, Weirdness & Mutations

You are resistant to torment.
Your stone body is resilient. (AC +4)
You are immune to poison.
You resist negative energy. (rN+)
You are resistant to electric shocks. (rElec)
You can survive without breathing.
You are immune to petrification.
You are immune to rotting.


Message History

Dowan points at you and mumbles some strange words.
You are outlined in light.
Duvessa hits you with a +5 rapier of draining.
Dowan closely misses you.
You slash Duvessa!
Duvessa is moderately wounded.
You closely miss Dowan.
Duvessa hits you with a +5 rapier of draining!
* * * LOW HITPOINT WARNING * * *
Dowan hits you with a +0 dagger.
* * * LOW HITPOINT WARNING * * *
You eat one of the 11 rations.
That ration really hit the spot!
Dowan hits you but does no damage. Duvessa misses you.
A red film seems to cover your vision as you go berserk!
You feel yourself moving faster!
You feel mighty!
You feel a lot more hungry.
Dowan points at you and mumbles some strange words.
The puff of flame hits you.
* * * LOW HITPOINT WARNING * * *
Duvessa hits you with a +5 rapier of draining!
You die...

## ###########<
#...........
#.#########.
#.........#.
#####################.#.
#.....$......... ..#.#.
#...e.....######.#.#.
#..e@..........#<#.#.
#.........## #.#.#.#.
#.........# #.#.#...
#..=......# #.#.####
########.### #.#....(
#.....###.#:.##.
#............##.
#.....###.##.##. #..^..#
#.##.##(


You could see Duvessa and Dowan.

Vanquished Creatures
  2 phantoms
  2 ogres (D:4)
  A howler monkey (D:4)
  A hound (D:4)
  An orc priest (D:3)
  An iguana (D:4)
  A worker ant (D:4)
  13 adders
  8 gnolls
  A shadow imp (D:4)
  5 worms
  3 dart slugs
  3 leopard geckos
  18 orcs
  A bat zombie (D:2)
  3 giant cockroaches
  11 goblins
  14 hobgoblins
  3 jackals (D:2)
  6 kobolds
  3 quokkas
  2 ball pythons (D:2)
  4 bats
  7 frilled lizards
  A jackal skeleton (D:4)
  10 rats
125 creatures vanquished.

Notes
Turn   | Place    | Note
-------+----------+-------------------------------------------
     0 | D:1      | Fang the Gargoyle Berserker began the quest for the Orb.
     0 | D:1      | Reached XP level 1. HP: 14/14 MP: 1/1
    10 | D:1      | Noticed a merfolk zombie
    16 | D:1      | Noticed a merfolk zombie
   190 | D:1      | Reached XP level 2. HP: 14/19 MP: 2/2
   471 | D:1      | Reached XP level 3. HP: 23/23 MP: 3/3
   718 | D:2      | Reached ** piety under Trog
   743 | D:2      | Found a faded altar of an unknown god.
  1013 | D:2      | Reached XP level 4. HP: 28/29 MP: 4/4
  1161 | D:2      | Reached XP level 5. HP: 21/33 MP: 5/5
  1545 | D:3      | Reached *** piety under Trog
  1687 | D:3      | Reached XP level 6. HP: 38/39 MP: 6/6
  1957 | D:3      | Found a transporter.
  1971 | D:3      | Found a transporter.
  2634 | D:4      | HP: 1/40 [ogre/+0 giant club (17)]
  2635 | D:4      | Reached skill level 5 in Fighting
  2635 | D:4      | Reached XP level 7. HP: 1/44 MP: 7/7
  3320 | D:4      | Reached **** piety under Trog
  3520 | D:4      | Found a shattered altar of Ashenzari.
  4055 | D:4      | Reached skill level 5 in Armour
  4184 | D:5      | Entered Level 5 of the Dungeon
  4278 | D:5      | Noticed Dowan
  4281 | D:5      | Noticed Duvessa
  4289 | D:5      | Slain by Duvessa

Skill      XL: |  1  2  3  4  5  6  7 |
---------------+----------------------+-----
Axes           | 3 4 |  4.8
Dodging        | 2 3 |  3.9
Armour         | 3 4 5 |  5.1
Fighting       | 4 5 |  5.6

Action                   |  1- 3 |  4- 6 |  7- 9 || total
-------------------------+-------+-------+-------++-------
Melee: Hand axe          |   135 |   127 |       ||   262
       Battleaxe         |       |    88 |   116 ||   204
Invok: Berserk           |       |     2 |     1 ||     3
  Eat: Chunk             |     1 |     7 |     4 ||    12
       Ration            |       |       |     1 ||     1
Armor: Scale mail        |    81 |   121 |    77 ||   279
       Animal skin       |     6 |       |       ||     6
Dodge: Dodged            |    86 |   113 |    80 ||   279
